MLB
CINCINNATI REDS @ PHILADELPHIA PHILLIES
08/06/2045
 
TOP OF THE 1ST
Cincinnati Reds batting - Pitching for Philadelphia Phillies : RHP Robby Benchio
Pitching: RHP Robby Benchio
Batting: RHB Willie Lazcano 0-0: Called Strike
0-1: Foul Ball, location: 2F
0-2: Strikes out looking
Batting: LHB Sean Geisler 0-0: Ball
1-0: Called Strike
1-1: Called Strike
1-2: Foul Ball, location: 2F
1-2: Ball
2-2: Reached on error, E4 (Groundball, 4D, EV 107.5 MPH)
Batting: SHB Dave Barefoot 0-0: Ball
1-0: Ball
2-0: Foul Ball, location: 2F
2-1: Swinging Strike
2-2: Strikes out swinging
Batting: SHB Saulo Maina 0-0: Ball
1-0: Swinging Strike
Sean Geisler is caught stealing 2nd base 2-6
Top of the 1st over - 0 runs, 0 hits, 1 error, 0 left on base; Cincinnati 0 - Philadelphia 0
BOTTOM OF THE 1ST
Philadelphia Phillies batting - Pitching for Cincinnati Reds : RHP Marshall Barron
Pitching: RHP Marshall Barron
Batting: SHB Billy Encinias 0-0: Ball
1-0: Ground out U3 (Groundball, 3L, EV 96.9 MPH)
Batting: LHB Alberto Figueroa 0-0: Ball
1-0: Called Strike
1-1: Swinging Strike
1-2: Ball
2-2: Strikes out swinging
Batting: RHB Josh Froyd 0-0: Swinging Strike
0-1: Swinging Strike
0-2: Ball
1-2: Strikes out looking
Bottom of the 1st over - 0 runs, 0 hits, 0 errors, 0 left on base; Cincinnati 0 - Philadelphia 0
TOP OF THE 2ND
Cincinnati Reds batting - Pitching for Philadelphia Phillies : RHP Robby Benchio
Batting: SHB Saulo Maina 0-0: Ball
1-0: Fly out, F7 (Line Drive, 7D, EV 99.4 MPH)
Batting: RHB Bruno André 0-0: Ball
1-0: Foul Ball, location: 2F
1-1: Ball
2-1: Swinging Strike
2-2: SINGLE (Groundball, 6, EV 101.9 MPH)
Batting: LHB Jon Ledesma 0-0: Foul Ball, location: 2F
0-1: Foul Ball, location: 2F
0-2: Strikes out swinging
Batting: LHB Satoru Handa 0-0: Ball
1-0: SINGLE (Groundball, 6M, EV 98.1 MPH)
Bruno André to second
Batting: LHB Andy Arbuckle 0-0: Ball
1-0: Ball
2-0: Called Strike
2-1: Foul Ball, location: 2F
2-2: Ground out 3-1 (Groundball, 3D, EV 83.1 MPH)
Top of the 2nd over - 0 runs, 2 hits, 0 errors, 2 left on base; Cincinnati 0 - Philadelphia 0
BOTTOM OF THE 2ND
Philadelphia Phillies batting - Pitching for Cincinnati Reds : RHP Marshall Barron
Batting: LHB Eric Katz 0-0: Ball
1-0: Called Strike
1-1: Ball
2-1: SINGLE (Groundball, 6D, EV 103.8 MPH)
Batting: RHB Quintin Parker 0-0: Ball
1-0: Ball
2-0: Ball
3-0: Called Strike
3-1: Base on Balls
Eric Katz to second
Batting: RHB Melchor Sovrivilla 0-0: Foul Ball, location: 2F
0-1: Foul Ball, location: 2F
0-2: Ball
1-2: Foul Ball, location: 2F
1-2: Ball
Wild Pitch!
Eric Katz to third
Quintin Parker to second
2-2: Ball
3-2: Strikes out swinging
Batting: RHB Raul de la Cruz 0-0: Called Strike
0-1: Ground out 5-3 (Groundball, 5, EV 83.1 MPH)
Batting: RHB Matt Sanders 0-0: Ground out 5-3 (Groundball, 56S, EV 76.9 MPH)
Bottom of the 2nd over - 0 runs, 1 hit, 0 errors, 2 left on base; Cincinnati 0 - Philadelphia 0
TOP OF THE 3RD
Cincinnati Reds batting - Pitching for Philadelphia Phillies : RHP Robby Benchio
Batting: RHB Omar Quintana 0-0: Ball
1-0: Swinging Strike
1-1: Fly out, F7 (Flyball, 7, EV 97.5 MPH)
Batting: RHB Willie Lazcano 0-0: Ball
1-0: Called Strike
1-1: Ball
2-1: Swinging Strike
2-2: Ball
3-2: Ground out 5-3 (Groundball, 56S, EV 85.6 MPH)
Batting: LHB Sean Geisler 0-0: Ball
1-0: Called Strike
1-1: Called Strike
1-2: SINGLE (Line Drive, 9S, EV 109.4 MPH)
Batting: SHB Dave Barefoot 0-0: Called Strike
Pickoff Throw to First - Error! E1
Sean Geisler to second
0-1: Ball
1-1: Ball
2-1: Ball
3-1: 2-RUN HOME RUN (Flyball, 9D, EV 96.2 MPH), Distance : 381 ft
Batting: SHB Saulo Maina 0-0: Called Strike
0-1: Foul Ball, location: 2F
0-2: Foul Ball, location: 2F
0-2: Fly out, F7 (Flyball, 78S, EV 90.0 MPH)
Top of the 3rd over - 2 runs, 2 hits, 1 error, 0 left on base; Cincinnati 2 - Philadelphia 0
BOTTOM OF THE 3RD
Philadelphia Phillies batting - Pitching for Cincinnati Reds : RHP Marshall Barron
Batting: RHB Julian Nijhuis 0-0: Ball
1-0: Called Strike
1-1: DOUBLE (Flyball, 8RXD, EV 109.4 MPH)
Batting: SHB Billy Encinias 0-0: Called Strike
0-1: Foul Ball, location: 2F
0-2: Strikes out swinging
Batting: LHB Alberto Figueroa 0-0: Ball
1-0: Fly out, F7 (Line Drive, 7, EV 112.5 MPH)
Batting: RHB Josh Froyd 0-0: Called Strike
0-1: Ground out 1-3 (Groundball, P, EV 72.5 MPH)
Bottom of the 3rd over - 0 runs, 1 hit, 0 errors, 1 left on base; Cincinnati 2 - Philadelphia 0
TOP OF THE 4TH
Cincinnati Reds batting - Pitching for Philadelphia Phillies : RHP Robby Benchio
Batting: RHB Bruno André 0-0: Ball
1-0: Ball
2-0: Ball
3-0: Called Strike
3-1: Base on Balls
Batting: LHB Jon Ledesma 0-0: Ball
1-0: Ball
2-0: Ball
3-0: Foul Ball, location: 2F
3-1: Fielders Choice at 2nd, 4-6 (Groundball, 4, EV 101.9 MPH)
Batting: LHB Satoru Handa 0-0: Called Strike
Jon Ledesma steals 2nd base
0-1: Called Strike
0-2: Ball
1-2: Ground out 3-1 (Groundball, 34, EV 101.2 MPH)
Jon Ledesma to third
Batting: LHB Andy Arbuckle 0-0: Called Strike
0-1: Ball
1-1: Swinging Strike
1-2: Foul Ball, location: 2F
1-2: Ball
2-2: Ball
3-2: Ground out 6-3 (Groundball, 6MS, EV 83.1 MPH)
Top of the 4th over - 0 runs, 0 hits, 0 errors, 1 left on base; Cincinnati 2 - Philadelphia 0
BOTTOM OF THE 4TH
Philadelphia Phillies batting - Pitching for Cincinnati Reds : RHP Marshall Barron
Batting: LHB Eric Katz 0-0: Ground out 4-3 (Groundball, 4M, EV 78.8 MPH)
Batting: RHB Quintin Parker 0-0: Called Strike
0-1: Foul Ball, location: 2F
0-2: Ball
1-2: Ground out 6-3 (Groundball, 6, EV 84.4 MPH)
Batting: RHB Melchor Sovrivilla 0-0: Called Strike
0-1: Ground out 6-3 (Groundball, 6, EV 103.8 MPH)
Bottom of the 4th over - 0 runs, 0 hits, 0 errors, 0 left on base; Cincinnati 2 - Philadelphia 0
TOP OF THE 5TH
Cincinnati Reds batting - Pitching for Philadelphia Phillies : RHP Robby Benchio
Batting: RHB Omar Quintana 0-0: Ball
1-0: Called Strike
1-1: Swinging Strike
1-2: Ground out 1-3 (Groundball, 13S, EV 61.9 MPH)
Batting: RHB Willie Lazcano 0-0: Called Strike
0-1: Foul Ball, location: 2F
0-2: Strikes out swinging
Batting: LHB Sean Geisler 0-0: Ball
1-0: Swinging Strike
1-1: Swinging Strike
1-2: Ball
2-2: Ball
3-2: Strikes out swinging
Top of the 5th over - 0 runs, 0 hits, 0 errors, 0 left on base; Cincinnati 2 - Philadelphia 0
BOTTOM OF THE 5TH
Philadelphia Phillies batting - Pitching for Cincinnati Reds : RHP Marshall Barron
Batting: RHB Raul de la Cruz 0-0: Ball
1-0: Ball
2-0: Called Strike
2-1: Foul Ball, location: 2F
2-2: Ground out 4-3 (Groundball, 4, EV 105.6 MPH)
Batting: RHB Matt Sanders 0-0: Called Strike
0-1: Ball
1-1: Ball
2-1: Ball
3-1: Foul Ball, location: 2F
3-2: Base on Balls
Batting: RHB Julian Nijhuis 0-0: Ball
1-0: SINGLE (Groundball, 6MD, EV 97.5 MPH)
Matt Sanders to second
Batting: SHB Billy Encinias 0-0: Ball
1-0: Swinging Strike
1-1: Ball
2-1: Ball
3-1: SINGLE (Line Drive, 7S, EV 91.9 MPH)
Matt Sanders to third
Julian Nijhuis to second
Runner from 3rd tries for Home, throw by LF and OUT! 7-2
Batting: LHB Alberto Figueroa 0-0: Called Strike
0-1: Ball
1-1: Foul Ball, location: 2F
1-2: Fly out, F7 (Line Drive, 78S, EV 86.9 MPH)
Bottom of the 5th over - 0 runs, 2 hits, 0 errors, 2 left on base; Cincinnati 2 - Philadelphia 0
TOP OF THE 6TH
Cincinnati Reds batting - Pitching for Philadelphia Phillies : RHP Robby Benchio
Batting: SHB Dave Barefoot 0-0: Foul Ball, location: 2F
0-1: Foul Ball, location: 2F
0-2: Foul Ball, location: 2F
0-2: Ball
1-2: Ball
2-2: Foul Ball, location: 2F
2-2: Fly out, F4 (Flyball, 4D, EV 90.0 MPH)
Pitching: RHP Jamie Verberkmoes
Batting: SHB Saulo Maina 0-0: DOUBLE (Flyball, 89XD, EV 91.2 MPH)
Batting: RHB Bruno André 0-0: Ball
1-0: Foul Ball, location: 2F
1-1: Swinging Strike
1-2: Strikes out looking
Batting: LHB Jon Ledesma 0-0: Ball
1-0: Ground out 4-3 (Groundball, 34, EV 82.5 MPH)
Top of the 6th over - 0 runs, 1 hit, 0 errors, 1 left on base; Cincinnati 2 - Philadelphia 0
BOTTOM OF THE 6TH
Philadelphia Phillies batting - Pitching for Cincinnati Reds : RHP Marshall Barron
Batting: RHB Josh Froyd 0-0: Ball
1-0: Foul Ball, location: 2F
1-1: Called Strike
1-2: Foul Ball, location: 2F
1-2: Ball
2-2: Foul Ball, location: 2F
2-2: Foul Ball, location: 2F
2-2: Fly out, F7 (Flyball, 7LS, EV 92.5 MPH)
Batting: LHB Eric Katz 0-0: SOLO HOME RUN (Flyball, 89XD, EV 109.4 MPH), Distance : 440 ft
Batting: RHB Quintin Parker 0-0: Ball
1-0: Called Strike
1-1: SOLO HOME RUN (Flyball, 7D, EV 98.1 MPH), Distance : 374 ft
Batting: RHB Melchor Sovrivilla 0-0: Called Strike
0-1: Foul Ball, location: 2F
0-2: Ball
1-2: Foul Ball, location: 2F
1-2: Strikes out looking
Batting: RHB Raul de la Cruz 0-0: Called Strike
0-1: Ball
1-1: Called Strike
1-2: Fly out, F8 (Line Drive, 8RD, EV 97.5 MPH)
Bottom of the 6th over - 2 runs, 2 hits, 0 errors, 0 left on base; Cincinnati 2 - Philadelphia 2
TOP OF THE 7TH
Cincinnati Reds batting - Pitching for Philadelphia Phillies : RHP Jamie Verberkmoes
Batting: LHB Satoru Handa 0-0: Ball
1-0: Fly out, F8 (Line Drive, 8LD, EV 105.6 MPH)
Batting: LHB Andy Arbuckle 0-0: Called Strike
0-1: Ground out 6-3 (Groundball, 6M, EV 100.6 MPH)
Batting: RHB Omar Quintana 0-0: Swinging Strike
0-1: Ball
1-1: Foul Ball, location: 2F
1-2: Ball
2-2: Ball
3-2: SINGLE (Groundball, 6, EV 95.0 MPH)
Batting: RHB Willie Lazcano 0-0: Ball
1-0: Called Strike
1-1: Foul Ball, location: 2F
1-2: Ball
2-2: Ball
3-2: Strikes out swinging
Top of the 7th over - 0 runs, 1 hit, 0 errors, 1 left on base; Cincinnati 2 - Philadelphia 2
BOTTOM OF THE 7TH
Philadelphia Phillies batting - Pitching for Cincinnati Reds : RHP Marshall Barron
Batting: RHB Matt Sanders 0-0: Called Strike
0-1: Called Strike
0-2: Foul Ball, location: 2F
0-2: Ball
1-2: Strikes out swinging
Batting: RHB Julian Nijhuis 0-0: Ball
1-0: Ball
2-0: Called Strike
2-1: Swinging Strike
2-2: Foul Ball, location: 2F
2-2: Strikes out swinging
Batting: SHB Billy Encinias 0-0: Foul Ball, location: 2F
0-1: Foul Ball, location: 2F
0-2: Foul Ball, location: 2F
0-2: Ball
1-2: SOLO HOME RUN (Flyball, 9D, EV 97.5 MPH), Distance : 376 ft
Batting: LHB Alberto Figueroa 0-0: Foul Ball, location: 2F
0-1: Ball
1-1: Foul Ball, location: 2F
1-2: Ball
2-2: Ball
3-2: Ground out 4-3 (Groundball, 4MS, EV 65.6 MPH)
Bottom of the 7th over - 1 run, 1 hit, 0 errors, 0 left on base; Cincinnati 2 - Philadelphia 3
TOP OF THE 8TH
Cincinnati Reds batting - Pitching for Philadelphia Phillies : RHP Jamie Verberkmoes
Pitching: RHP Victor Barron
Batting: LHB Sean Geisler 0-0: DOUBLE (Line Drive, 9LS, EV 108.1 MPH)
Batting: SHB Dave Barefoot 0-0: SINGLE (Groundball, 34D, EV 108.8 MPH)
Sean Geisler to third
Runner from 3rd tries for Home, throw by RF and OUT! 9-2
Batting: SHB Saulo Maina 0-0: Ball
1-0: Foul Ball, location: 2F
1-1: Ball
2-1: Ball
3-1: Fly out, F8 (Flyball, 8LD, EV 89.4 MPH)
Batting: LHB Jesus Lozano 0-0: Ball
1-0: Ball
2-0: Called Strike
Dave Barefoot steals 2nd base
2-1: Swinging Strike
2-2: Strikes out looking
Top of the 8th over - 0 runs, 2 hits, 0 errors, 1 left on base; Cincinnati 2 - Philadelphia 3
BOTTOM OF THE 8TH
Philadelphia Phillies batting - Pitching for Cincinnati Reds : RHP Marshall Barron
Pitching: LHP Jose Estrada
Batting: RHB Josh Froyd 0-0: Ball
1-0: Called Strike
1-1: Ball
2-1: Foul Ball, location: 2F
2-2: Strikes out swinging
Batting: LHB Eric Katz 0-0: Ball
1-0: Ball
2-0: Called Strike
2-1: Fly out, F9 (Line Drive, 9, EV 93.1 MPH)
Batting: RHB Quintin Parker 0-0: Ball
1-0: DOUBLE (Flyball, 8RXD, EV 110.0 MPH)
Batting: RHB Melchor Sovrivilla 0-0: Called Strike
0-1: Ground out 6-3 (Groundball, 6, EV 78.8 MPH)
Bottom of the 8th over - 0 runs, 1 hit, 0 errors, 1 left on base; Cincinnati 2 - Philadelphia 3
TOP OF THE 9TH
Cincinnati Reds batting - Pitching for Philadelphia Phillies : RHP Victor Barron
Pitching: RHP Justin Howard
Batting: LHB Jon Ledesma 0-0: Ball
1-0: Foul Ball, location: 2F
1-1: Ball
2-1: Called Strike
2-2: Ball
3-2: Base on Balls
Batting: LHB Satoru Handa 0-0: Ball
1-0: Called Strike
1-1: Foul Ball, location: 2F
1-2: Ground out 4-3 (Groundball, 4S, EV 67.5 MPH)
Jon Ledesma to second
Batting: LHB Andy Arbuckle 0-0: Fly out, F8 (Line Drive, 8LM, EV 105.0 MPH)
Batting: RHB Omar Quintana 0-0: Ground out U3 (Groundball, 3S, EV 69.4 MPH)
Top of the 9th over - 0 runs, 0 hits, 0 errors, 1 left on base; Cincinnati 2 - Philadelphia 3
Wednesday, June 22nd , 2022 - OOTP Baseball 23.4 Build 64